 Dungeon Crawl Stone Soup version 0.28-a0-1518-gbe868bca14 (webtiles) character file.

Game seed: 16185780756366035292

33 sizableburger the Vexing (level 3, 0/36 HPs)
             Began as an Ogre Arcane Marksman on Jan 17, 2022.
             Slain by an adder (1 damage)
             ... on level 2 of the Dungeon.
             The game lasted 00:02:37 (1667 turns).

sizableburger the Vexing (Ogre Arcane Marksman)     Turns: 1667, Time: 00:02:37

Health: 0/36       AC:  3    Str: 14    XL:     3   Next: 29%
Magic:  2/4        EV:  9    Int: 16    God:
Gold:   84         SH:  0    Dex:  9    Spells: 3/4 levels left

rFire   . . .      SeeInvis .   i - +0 club
rCold   . . .      Faith    .   (no shield)
rNeg    . . .      Spirit   .   a - +0 robe
rPois   .          Reflect  .   (helmet restricted)
rElec   .          Harm     .   (no cloak)
rCorr   .          Rampage  .   (gloves unavailable)
Will    .....                   (boots unavailable)
Stlth   +.........              (no amulet)
HPRegen 0.12/turn               (no ring)
MPRegen 0.09/turn               (no ring)

@: brilliant, lethally poisoned (0 -> -2), flying
A: large, unfitting armour, tough skin 1
a: no special abilities


You were on level 2 of the Dungeon.
You visited 1 branch of the dungeon, and saw 2 of its levels.

You collected 84 gold pieces.

Inventory:

Hand Weapons
 g - a +0 dagger
 i - a +0 club (weapon)
Missiles
 b - 4 large rocks
 c - a throwing net (quivered)
Armour
 a - a +0 robe (worn)
Jewellery
 d - an amulet of magic regeneration
Scrolls
 e - a scroll of teleportation {unknown}
 f - a scroll of enchant armour {unknown}


   Skills:
 + Level 2.6 Fighting
 + Level 0.4 Maces & Flails
 + Level 2.7 Throwing
 - Level 1.7 Dodging
 - Level 0.6 Unarmed Combat
 - Level 1.2 Spellcasting
 + Level 2.7 Hexes


You had 3 spell levels left.
You knew the following spells:

 Your Spells              Type           Power      Damage    Failure   Level
a - Slow                  Hex            56%        N/A       8%          1

Your spell library contained the following spells:

 Spells                   Type           Power      Damage    Failure   Level
 Inner Flame              Hex/Fire       8%         N/A       36%         3
 Portal Projectile        Hex/Tloc       16%        N/A       36%         3
 Cause Fear               Hex            7%         N/A       58%         4


Dungeon Overview and Level Annotations

Branches:
Dungeon (2/15)

Altars:


Innate Abilities, Weirdness & Mutations

You are too large for most types of armour.
You have tough skin. (AC +1)


Message History

You are no longer poisoned.
The adder bites you.
You barely miss the adder.
The adder is heavily wounded.
The adder bites you but does no damage.
You closely miss the adder.
The adder is heavily wounded.
The adder bites you. The adder barely misses you.
You miss the adder.
The adder is heavily wounded.
The adder is no longer moving slowly.
The adder bites you but does no damage.
You barely miss the adder.
The adder is heavily wounded.
The adder barely misses you.
You miss the adder.
The adder is heavily wounded.
The adder bites you.
You are poisoned.
The adder poisons you! The adder bites you but does no damage.
You hit the adder.
The adder is severely wounded.
You feel sick. The adder closely misses you. x2
Casting: Slow (safe; 8% risk of failure)
Confirm with . or Enter, or press ? or * to list all spells.
Aiming: Slow (safe; 8% risk of failure)
Press: ? - help, Shift-Dir - straight line, f/p - adder
Aim: an adder (severely wounded, chance to affect: 55%)
The adder resists with significant effort.
You feel sick. The adder bites you but does no damage.
Unknown command.
It was a potion of brilliance.
You feel clever all of a sudden.
You feel sick. The adder bites you.
* * * LOW HITPOINT WARNING * * *
It was a potion of flight.
You feel very buoyant.
You fly up into the air.
* * * LOW HITPOINT WARNING * * *
You feel sick. The adder barely misses you. The adder bites you.
You die...

#...#....#.†.#.'.#.#
#...#......#####...#
#...+......'†# +...#
#...#...#..### #...#
###.##..##.†.# +...#
...>##.#####...#
#######........##
#.#.#.##.... #S@.###
# #.............#
########.####.# ...
#... #.... #.#..#
.#...


You could see an adder.

Vanquished Creatures
  4 dart slugs (D:1)
  2 ball pythons (D:1)
  4 bats (D:1)
  2 endoplasms
  A quokka (D:1)
  4 goblins
  9 rats
26 creatures vanquished.

Notes
Turn   | Place    | Note
-------+----------+-------------------------------------------
     0 | D:1      | sizableburger the Ogre Arcane Marksman began the quest for
                  | the Orb.
     0 | D:1      | Reached XP level 1. HP: 19/19 MP: 2/2
   484 | D:1      | Reached XP level 2. HP: 23/28 MP: 1/3
  1144 | D:1      | Reached XP level 3. HP: 35/36 MP: 4/4
  1667 | D:2      | HP: 1/36 [poisoned by an adder]
  1667 | D:2      | Slain by an adder

Illustrated notes

Levels and vault maps discovered:
D:1:      elethiomel_arrival_maze, layout_rooms
D:2:      layout_basic, hellmonk_ecumenical_altar_leap_of_faith,
          minmay_rat_gold_closets

Skill      XL: |  1  2 |
---------------+-------+-----
Fighting       | 2 |  2.6
Maces & Flails | |  0.4
Throwing       | |  2.7
Dodging        | |  1.7
Unarmed Combat | |  0.6
Spellcasting   | |  1.2
Hexes          | |  2.7

Action                   || total
-------------------------++-------
Melee: Unarmed           ||    26
       Dagger            ||    59
       Club              ||    56
       Punch             ||     2
Throw: Large rock        ||     2
       Throwing net      ||     1
 Cast: Slow              ||     9
  Use: Potion            ||     2
Armor: Robe              ||    53
Dodge: Dodged            ||    68

Table legend: (Time is in decaauts)
 A = Elapsed time spent in this place.
 B = Non-inter-level travel time spent in this place.
 C = Inter-level travel time spent in this place.
 D = Time resting spent in this place.
 E = Time spent auto-exploring this place.
 F = Levels seen in this place.
 G = Mean time per level.
                   A        B        C        D        E       F      G
               +--------+--------+--------+--------+--------+-----+--------+
         Total |   1683 |   1630 |     53 |    402 |    935 |   2 |  841.5 |
       Dungeon |   1683 |   1630 |     53 |    402 |    935 |   2 |  841.5 |
               +--------+--------+--------+--------+--------+-----+--------+

Top non-repeatable levels by time:
     D:1: 1241 daAuts
     D:2: 441 daAuts
